 Dungeon Crawl Stone Soup version v3.33-hellcrawl-137-g4089b7e (webtiles) character file.

45 Lucherd the Skirmisher (level 4, -3/45 HPs)
             Began as a Naga Fighter on Sept 2, 2017.
             Slain by a gnoll
             ... wielding a +0 halberd
              (8 damage)
             ... on level 3 of the Dungeon.
             The game lasted 00:03:59 (1542 turns).

Lucherd the Skirmisher (Naga Fighter)               Turns: 1542, Time: 00:04:00

Health: -3/45      AC:  5 (28%)Str: 18  XL:     4   Next: 62%
Magic:  4/4        EV:  5    Int:  9    God:
Gold:   213        SH:  8    Dex: 11    Spells: 3/3 levels left

rFire    . . .     SeeInvis +   a - +0 flail
rCold    . . .     Faith    .   c - +0 shield
rNeg     . . .     Spirit   .   b - +0 scale mail
rPois    +         Reflect  .   (no helmet)
rElec    .                      (no cloak)
rCorr    +                      (no gloves)
MR       .....                  (no barding)
Stlth    +++.......             (no amulet)
Regen    0.2/turn               f - ring of resist corrosion
MPRegen  0.2/turn               p - ring of wizardry

@: very slow
A: camouflage, see invisible, deformed body, poison resistance, screaming 1,
slowness 2, slow metabolism 1, spit poison 1, AC +1
a: Spit Poison


You were on level 3 of the Dungeon.
You were not hungry.

You visited 1 branch of the dungeon, and saw 3 of its levels.

You collected 213 gold pieces.

Inventory:

Hand Weapons
 a - a +0 flail (weapon)
Missiles
 e - 998 stones (quivered)
 h - 75 arrows
Armour
 b - a +0 scale mail (worn)
 c - a +0 shield (worn)
Jewellery
 f - a ring of resist corrosion (left hand)
 p - a ring of wizardry (right hand)
Scrolls
 g - 2 scrolls of noise
 i - a scroll of fog
 j - a scroll of blinking
 k - 2 scrolls of magic mapping
 l - a scroll of teleportation
 n - a scroll of fear
Potions
 d - a potion of augmentation
 m - a potion of magic
 o - a potion of haste
 q - 2 potions of curing
 r - a potion of lignification


   Skills:
 + Level 4.8 Fighting
 - Level 2.0 Maces & Staves
 - Level 2.6 Armour
 - Level 0.2 Dodging
 - Level 2.6 Shields


You had 3 spell levels left.
You didn't know any spells.

Dungeon Overview and Level Annotations

Branches:
Dungeon (3/15)

Altars:
Dithmenos
Hepliaklqana
Okawaru
Ru
Uskayaw
Vehumet
Xom


Innate Abilities, Weirdness & Mutations

You cannot wear boots.
Your serpentine skin is tough. (AC +1)
You have supernaturally acute eyesight. (SInv)
Armour fits poorly on your strangely shaped body.
Your system is resistant to poisons. (rPois)
You cover ground very slowly.
You have a slow metabolism.
You can spit poison.
Your skin blends seamlessly with your surroundings (Stealth+++).
You occasionally shout uncontrollably at your foes.


Message History

You are too injured to fight recklessly!
You are too injured to fight recklessly!
You are too injured to fight recklessly!
You are too injured to fight recklessly!
You sock the gnoll (9)!
You kill the gnoll!
The gnoll hits you but does no damage. x2
The gnoll closely misses you.
The gnoll hits you with a +0 halberd (6).
* * * LOW HITPOINT WARNING * * *
You see here a +0 whip.
You completely miss the gnoll. You block the gnoll's attack. x2
The gnoll hits you but does no damage.
You sock the gnoll (8)!
The gnoll is severely wounded.
You block the gnoll's attack. x2
You closely miss the gnoll.
The gnoll is severely wounded.
The gnoll hits you with a +0 halberd (8)!
You die...

### #.. #######.######
.......g.....##.#####
#@g...........#
#######.####.##...#.#
........# #.#......#
#######.####........##
#..............#
#####.#........#
#.....>....#
###.#...#..###
#.#####..##.


You could see 2 gnolls.

Vanquished Creatures
  A gnoll (D:3)
  3 adders (D:2)
  An ooze (D:2)
  2 dart slugs
  4 quokkas (D:2)
  3 giant cockroaches
  A goblin (D:2)
  4 hobgoblins
  4 jackals (D:2)
  6 kobolds
  A ball python (D:1)
  7 bats
  2 frilled lizards (D:2)
  7 rats
46 creatures vanquished.

Notes
Turn   | Place    | Note
-------+----------+-------------------------------------------
     0 | D:1      | Lucherd the Naga Fighter began the quest for the Orb.
     0 | D:1      | Reached XP level 1. HP: 21/21 MP: 1/1
    37 | D:1      | Gained mutation: Your body sometimes deteriorates upon taking damage. [potion of mutation]
    37 | D:1      | Gained mutation: Potions are less effective at restoring your health. [potion of mutation]
    37 | D:1      | Gained mutation: Your body often deteriorates upon taking damage. [potion of mutation]
    37 | D:1      | Gained mutation: You are somewhat resistant to further mutation. [potion of mutation]
    38 | D:1      | Lost mutation: Potions are less effective at restoring your health. [potion of mutation]
    38 | D:1      | Lost mutation: Your body often deteriorates upon taking damage. [potion of mutation]
    38 | D:1      | Lost mutation: Your body sometimes deteriorates upon taking damage. [potion of mutation]
    38 | D:1      | Lost mutation: You are somewhat resistant to further mutation. [potion of mutation]
    38 | D:1      | Gained mutation: You occasionally shout uncontrollably at your foes. [potion of mutation]
    38 | D:1      | Gained mutation: Your skin blends seamlessly with your surroundings (Stealth+++). [potion of mutation]
   206 | D:1      | Reached XP level 2. HP: 28/28 MP: 2/2
   576 | D:2      | Found a radiant altar of Vehumet.
   615 | D:2      | Found a sacrificial altar of Ru.
   644 | D:2      | Reached XP level 3. HP: 21/34 MP: 3/3
   715 | D:2      | Reached skill level 4 in Fighting
   717 | D:2      | Found a shimmering altar of Xom.
   717 | D:2      | Found a shimmering altar of Xom.
   718 | D:2      | Found a shadowy altar of Dithmenos.
   718 | D:2      | Found a faded altar of an unknown god.
   718 | D:2      | Found a shimmering altar of Xom.
   725 | D:2      | Found a shimmering altar of Xom.
   725 | D:2      | Found a hazy altar of Hepliaklqana.
   725 | D:2      | Found a shimmering altar of Xom.
   726 | D:2      | Found a shimmering altar of Xom.
   797 | D:2      | Found a hide-covered altar of Uskayaw.
   797 | D:2      | Noticed a hand axe
   798 | D:2      | Noticed a hand axe
   879 | D:2      | Found an iron altar of Okawaru.
   927 | D:2      | Reached XP level 4. HP: 42/45 MP: 4/4
  1542 | D:3      | Slain by a gnoll

Skill      XL: |  1  2  3 |
---------------+----------+-----
Fighting       | 4 |  4.8
Maces & Staves | |  2.0
Armour         | |  2.6
Dodging        | |  0.2
Shields        | |  2.6

Action                   |  1- 3 |  4- 6 || total
-------------------------+-------+-------++-------
Melee: Flail             |   129 |    34 ||   163
  Use: Potion            |     3 |       ||     3
 Stab: Sleeping          |     7 |     4 ||    11
Armor: Scale mail        |    93 |    11 ||   104
Dodge: Dodged            |    37 |     8 ||    45
Block: Shield            |    84 |    24 ||   108
